 Dungeon Crawl Stone Soup version 0.24.0-123-gd5b16e6ec5 (webtiles) character file.

Game seed: 5855328106517552498, levelgen mode: deterministic

25 Descartes the Scratcher (level 2, -2/15 HPs)
             Began as a Felid Wanderer on Dec 21, 2019.
             Slain by a goblin
             ... wielding a +0 dagger
              (4 damage)
             ... on level 2 of the Dungeon.
             The game lasted 00:01:53 (763 turns).

Descartes the Scratcher (Felid Wanderer)             Turns: 763, Time: 00:01:53

Health: -2/15      AC:  1    Str:  8    XL:     2   Next: 86%
Magic:  3/3        EV: 17    Int: 14    God:
Gold:   31         SH:  0    Dex: 14    Spells: 1/1 levels left
                                        Lives:  0   Deaths: 0

rFire    . . .     SeeInvis +     - Unarmed
rCold    . . .     Gourm    .   (shield unavailable)
rNeg     . . .     Faith    .   (armour unavailable)
rPois    .         Spirit   .   (helmet unavailable)
rElec    .         Reflect  .   (cloak unavailable)
rCorr    .         Harm     .   (gloves unavailable)
MR       .....                  (boots unavailable)
Stlth    ++........             (no amulet)
HPRegen  0.05/turn              (no ring)
MPRegen  0.08/turn              (no ring)

@: quick
A: very small, no armour, no weapons or thrown items, stealth, claws 1, fangs 3,
see invisible, carnivore, speed 1, shaggy fur 1, slow metabolism 1, sharp paws
a: no special abilities


You were on level 2 of the Dungeon.
You were completely stuffed.

You visited 1 branch of the dungeon, and saw 2 of its levels.

You collected 31 gold pieces.

Inventory:

Missiles
 f - 4 stones
 g - 20 arrows
Scrolls
 d - 2 scrolls of teleportation {unknown}
 e - a scroll of remove curse {unknown}
Potions
 a - a potion of haste
 b - 4 potions of curing
Comestibles
 c - a ration
 h - 3 chunks of flesh


   Skills:
 + Level 4.1 Fighting
 * Level 1.9 Dodging
 + Level 2.1 Stealth
 * Level 4.2 Unarmed Combat
   Level 1.1 Evocations


You had one spell level left.
You didn't know any spells.
Your spell library was empty.

Dungeon Overview and Level Annotations

Branches:
Dungeon (2/15)

Altars:


Innate Abilities, Weirdness & Mutations

You cannot wear armour.
You are incapable of wielding weapons or throwing items.
Your paws allow you to move quietly. (Stealth)
You have sharp claws.
You have razor-sharp teeth.
You have supernaturally acute eyesight. (SInv)
You are carnivorous and can eat meat at any time.
You cover ground quickly.
You are covered in fur. (AC +1)
You have a slow metabolism.
Your sharp claws are effective at attacking unaware monsters.


Message History

You are too injured to fight recklessly!
You barely miss the goblin. You claw the goblin.
You kill the goblin!
The goblin wields a +0 hunting sling.
The goblin shoots a stone.
The stone hits you.
* * * LOW HITPOINT WARNING * * *
The kobold completely misses you. The kobold closely misses you.
You see here a goblin corpse.
You scratch the goblin.
The goblin is moderately wounded.
The goblin misses you. The kobold misses you.
The goblin unwields a +0 hunting sling.
The goblin completely misses you.
You scratch the goblin.
The goblin is severely wounded.
The goblin hits you but does no damage. The kobold misses you.
You scratch the goblin.
You kill the goblin!
The goblin hits you with a +0 dagger.
You die...

#........)
#...............
#...........$..#
##...............
##................
#.................
##.................
#..................
#.......?.(@)......
####......gK.......
#................
#................
#.<..............
#................
#................
##........<......
##.....#.


You could see a goblin and a kobold.

Vanquished Creatures
  An ooze (D:1)
  A worm (D:2)
  A dart slug (D:2)
  A leopard gecko (D:1)
  2 bats
  4 goblins
  2 frilled lizards (D:1)
  3 kobolds (D:1)
  A rat (D:1)
16 creatures vanquished.

Notes
Turn   | Place    | Note
-------+----------+-------------------------------------------
     0 | D:1      | Descartes the Felid Wanderer began the quest for the Orb.
     0 | D:1      | Descartes set off with the following items: a potion of
                  | haste, 2 potions of curing, a ration
     0 | D:1      | Reached XP level 1. HP: 11/11 MP: 2/2
   291 | D:1      | Reached skill level 1 in Dodging
   291 | D:1      | Reached XP level 2. HP: 15/15 MP: 3/3
   763 | D:2      | Slain by a goblin

Levels and vault maps discovered:
D:1:      wander_arrival_desolate, layout_basic
D:2:      layout_rooms

Skill      XL: |  1  2 |
---------------+-------+-----
Dodging        | 1 |  1.9
Stealth        | 2 |  2.1
Fighting       | |  4.1
Unarmed Combat | |  4.2
Evocations     | |  1.1

Action                   || total
-------------------------++-------
Melee: Unarmed           ||    39
       Bite              ||     3
       Punch             ||     1
 Stab: Sleeping          ||     4
  Eat: Chunk             ||     7
Armor: Skin              ||     3
Dodge: Dodged            ||    30
